 Dungeon Crawl Stone Soup version 0.31-a0-232-gb1c03b2570 (webtiles) character file.

Game seed: 966413884554471834

72 qw the Shooter (level 4, -1/26 HPs)
             Began as a Gargoyle Hexslinger on July 7, 2023.
             Slain by a gnoll sergeant
             ... wielding a +0 spear
              (3 damage)
             ... on level 3 of the Dungeon.
             The game lasted 00:00:38 (1646 turns).

qw the Shooter (Gargoyle Hexslinger)                Turns: 1646, Time: 00:00:39

Health: -1/26      AC: 10    Str:  9 (11) XL:     4   Next: 25%
Magic:  0/5        EV: 10    Int: 13 (14) God:
Gold:   116        SH:  0    Dex: 13 (14) Spells: 4/5 levels left

rFire   . . .        Y - +2 sling
rCold   . . .        (no shield)
rNeg    + . .        i - +0 ring mail
rPois   inf          (no helmet)
rElec   +            d - +0 cloak
rCorr   .            (no gloves)
SInv    .            (no boots)
Will    .....        g - amulet of guardian spirit
Stlth   +            (no ring)
HPRegen 0.24/turn    (no ring)
MPRegen 0.09/turn

%: guardian spirit
@: no status effects
A: sickness immunity, AC +3, negative energy resistance 1, electricity
resistance, torment resistance 1, petrification resistance
a: no special abilities


You were on level 3 of the Dungeon.
You visited 1 branch of the dungeon, and saw 3 of its levels.

You collected 116 gold pieces.


Innate Abilities, Weirdness & Mutations

You are immune to sickness and miasma.
Your stone body is resilient. (AC +3)
You are immune to poison.
You resist negative energy. (rN+)
You are resistant to electric shocks. (rElec)
You are resistant to unholy torment.
You are immune to petrification.


   Skills:
 - Level 2.0 Fighting
 + Level 3.7 Ranged Weapons
 - Level 1.5 Armour
 - Level 1.5 Dodging
 - Level 1.0 Spellcasting
 - Level 2.6 Hexes


You had 4 spell levels left.
You knew the following spells:

 Your Spells              Type           Power      Damage    Failure   Level
a - Slow                  Hex            28%        N/A       26%         1

Your spell library contained the following spells:

 Spells                   Type           Power      Damage    Failure   Level
 Inner Flame              Hex/Fire       4%         N/A       78%         3
 Portal Projectile        Hex/Tloc       8%         N/A       78%         3
 Cause Fear               Hex            3%         N/A       94%         4

Inventory:

Hand Weapons
 Y - a +2 sling (weapon)
Armour
 d - a +0 cloak (worn)
 i - a +0 ring mail (worn)
Jewellery
 g - an amulet of guardian spirit (around neck)
Scrolls
 a - a scroll of identify
Potions
 e - a potion of might {unknown}
 f - a potion of curing {unknown}

Dungeon Overview and Level Annotations

Branches:
Dungeon (3/15)

Altars:
Hepliaklqana

Shops:
D:1 [:[?


Message History

You shoot a sling bullet. The sling bullet hits the gnoll.
You kill the gnoll!
You shoot a sling bullet.
The sling bullet barely misses the gnoll.
You shoot a sling bullet.
The sling bullet closely misses the gnoll. x2
A gnoll comes into view. It is wielding a +0 whip.
You shoot a sling bullet.
The sling bullet closely misses the gnoll.
The sling bullet hits the gnoll.
The gnoll is lightly wounded.
The gnoll closely misses you.
A gnoll sergeant comes into view. It is wielding a +0 spear.
You shoot a sling bullet. The sling bullet hits the gnoll.
The gnoll is moderately wounded.
The gnoll closely misses you. The gnoll hits you with a +0 whip.
The gnoll hits you but does no damage.
You shoot a sling bullet.
The sling bullet closely misses the gnoll. x2
The sling bullet closely misses the gnoll sergeant.
The gnoll hits you with a +0 whip. The gnoll hits you but does no damage.
You shoot a sling bullet. The sling bullet hits the gnoll.
The gnoll is severely wounded.
The gnoll closely misses you. The gnoll hits you with a +0 flail.
The gnoll barely misses you.
You shoot a sling bullet. The sling bullet hits the gnoll.
The gnoll is almost dead.
The gnoll hits you but does no damage.
A gnoll comes into view. It is wielding a +0 spear.
The gnoll hits you with a +0 flail.
You shoot a sling bullet.
The sling bullet barely misses the gnoll.
The gnoll shouts!
The gnoll hits you with a +0 whip. The gnoll hits you with a +0 flail.
The gnoll sergeant hits you from afar with a +0 spear!
You shoot a sling bullet. The sling bullet hits the gnoll.
You kill the gnoll!
The gnoll closely misses you.
The gnoll sergeant hits you from afar with a +0 spear.
You die...

..... . ..... .g.#.
.... # #####..# #.
. .....g$# ..
#.#.#.#)g#.####
#.#.#.#@g......
#####.#.#...##.####
..................
#...........##.###
#......<....# #
#.......%.......
#...............
#................
#...............[


You could see a gnoll sergeant and 3 gnolls.

Vanquished Creatures
  2 gnolls (D:3)
  2 adders (D:2)
  A dart slug (D:1)
  4 bats
  5 endoplasms
  6 goblins (D:1)
  2 hobgoblins
  5 quokkas
  2 ball pythons
  5 frilled lizards
  5 kobolds
  3 rats
42 creatures vanquished.

Notes
Turn   | Place    | Note
-------+----------+-------------------------------------------
     0 | D:1      | qw the Gargoyle Hexslinger began the quest for the Orb.
     0 | D:1      | Reached XP level 1. HP: 12/12 MP: 2/2
     0 | D:1      | 0 ||| qw: Version: 0.3-a-46-gb1f654a
     0 | D:1      | 0 ||| qw: Game counter: 2966
     0 | D:1      | 0 ||| qw: Melee chars always use a shield: true
     0 | D:1      | 0 ||| qw: God list: Okawaru
     0 | D:1      | 0 ||| qw: Allow faded altars: false
     0 | D:1      | 0 ||| qw: Do Orc after clearing Dungeon:15 true
     0 | D:1      | 0 ||| qw: Do second Lair branch before Depths: true
     0 | D:1      | 0 ||| qw: Lair rune preference: random
     0 | D:1      | 0 ||| qw: Goals: Normal
     0 | D:1      | 0 ||| PLANNING D:1-11
    99 | D:1      | Found Aretwoq's Armour Shop.
   106 | D:1      | Reached XP level 2. HP: 16/16 MP: 3/3
   107 | D:1      | 107 ||| SHOPLISTING +0 helmet (49 gold, have 0).
   107 | D:1      | 107 ||| SHOPLISTING +0 pair of gloves (49 gold, have 0).
   107 | D:1      | 107 ||| SHOPLISTING +0 ring mail (44 gold, have 0).
   107 | D:1      | 107 ||| SHOPLISTING +1 robe of Xom's Approval {Harm rPois}
                  | (185 gold, have 0).
   107 | D:1      | 107 ||| SHOPLISTING +1 robe of willpower (139 gold, have
                  | 0).
   110 | D:1      | Found Tiagoo's Armour Shop.
   115 | D:1      | Found Odealyz's Book Shoppe.
   119 | D:1      | 119 ||| SHOPLISTING +0 ring mail (44 gold, have 0).
   175 | D:1      | 175 ||| Stepping ~*~*~tactically~*~*~ (water).
   177 | D:1      | 177 ||| Stepping ~*~*~tactically~*~*~ (water).
   182 | D:1      | Reached skill level 3 in Ranged Weapons
   203 | D:1      | Found Duvusm's Magic Scroll Shoppe.
   217 | D:1      | 217 ||| SHOPLISTING 3 scrolls of identify (72 gold, have
                  | 0).
   217 | D:1      | 217 ||| SHOPLISTING scroll of enchant armour (90 gold, have
                  | 0).
   217 | D:1      | 217 ||| SHOPLISTING scroll of identify (24 gold, have 0).
   386 | D:1      | Reached XP level 3. HP: 21/21 MP: 4/4
   819 | D:1      | 819 ||| UPGRADING to +0 cloak.
   824 | D:1      | 824 ||| UPGRADING to +0 ring mail.
   834 | D:1      | 834 ||| DROPPING +0 robe.
   835 | D:1      | 835 ||| READING scroll labelled NEVAMUO TASOFUTT.
   836 | D:1      | 836 ||| READING scroll labelled JOPREODGHUO.
   837 | D:1      | 837 ||| DROPPING scroll of poison.
   939 | D:2      | Found a hazy altar of Hepliaklqana.
  1195 | D:2      | Reached skill level 1 in Armour
  1273 | D:2      | Reached XP level 4. HP: 26/26 MP: 5/5
  1440 | D:2      | Found a faded altar of an unknown god.
  1592 | D:2      | 1592 ||| UPGRADING to amulet of guardian spirit.
  1597 | D:2      | 1597 ||| READING scroll labelled RON MUF YWKISHEWNI.
  1598 | D:2      | 1598 ||| DRINKING 2 puce potions.
  1599 | D:2      | 1599 ||| DRINKING 2 viscous white potions.
  1600 | D:2      | 1600 ||| DROPPING potion of attraction.
  1601 | D:2      | 1601 ||| DROPPING potion of degeneration.
  1640 | D:3      | Noticed a gnoll sergeant
  1645 | D:3      | HP: 1/26 [gnoll sergeant/+0 spear (6)]
  1646 | D:3      | Slain by a gnoll sergeant

Levels and vault maps discovered:
D:1:      lightli_arrival_statuegarden, layout_basic, serial_rivers,
          chequers_serial_rivers_small_3, chequers_serial_rivers_micro_e,
          chequers_serial_rivers_large_b, chequers_serial_rivers_small_b,
          serial_shops, nicolae_shop_window_shopping,
          nicolae_shop_just_a_little_nook, shop, shop
D:2:      layout_basic, basic_altar,
          dreamdust_ecumenical_altar_hidden_monk_grotto
D:3:      layout_basic, serial_undead, serial_undead_b, serial_undead_b,
          serial_undead_f, serial_undead_d, serial_undead_f, serial_undead_c,
          serial_undead_c, serial_undead_a, st_stairs_12, minivault_19,
          uniq_terence

Skill      XL: |  1  2  3 |
---------------+----------+-----
Ranged Weapons | 3 |  3.7
Fighting       | 2 |  2.0
Armour         | 1 |  1.5
Dodging        | |  1.5
Spellcasting   | |  1.0
Hexes          | |  2.6

Action                     |  1- 3 |  4- 6 || total
---------------------------+-------+-------++-------
   Fire: Sling             |   116 |    30 ||   146
    Use: Scroll            |     2 |     1 ||     3
         Potion            |       |     2 ||     2
 Armour: Robe              |     8 |       ||     8
         Ring mail         |    13 |     7 ||    20
  Dodge: Dodged            |    33 |    12 ||    45

Table legend:
 A = Non-vault XP
 B = Vault XP
 C = Vault XP percentage of total XP
 D = Non-vault monster count
 E = Vault monster count
 F = Vault count percentage of total count
                 A         B        C        D         E       F
            +---------+---------+-------+---------+---------+-------
      Total |     116 |       0 |   0.0 |      42 |       0 |   0.0
            +---------+---------+-------+---------+---------+-------
        D:1 |      46 |       0 |   0.0 |      27 |       0 |   0.0
        D:2 |      41 |       0 |   0.0 |      12 |       0 |   0.0
        D:3 |      29 |       0 |   0.0 |       3 |       0 |   0.0
            +---------+---------+-------+---------+---------+-------
